 Dungeon Sprint DCSS version 0.25-b1-37-g2669288c55 (webtiles) character file.

Game seed: 12353664737268612549

132 Groucho the Covert (level 4, -6/31 HPs)
             Began as a Spriggan Enchanter on June 5, 2020.
             Mangled by a neqoxec (11 damage)
             ... in the Dungeon (Sprint II: "The Violet Keep of Menkaure") on June 6, 2020.
             The game lasted 00:00:16 (13 turns).

Groucho the Covert (Spriggan Enchanter)               Turns: 13, Time: 00:00:17

Health: -6/31      AC:  2    Str:  5    XL:     4   Next: 92%
Magic:  6/12       EV: 21    Int: 16    God:
Gold:   0          SH:  0    Dex: 14    Spells: 13/14 levels left

rFire    . . .     SeeInvis +   a - +1 dagger
rCold    . . .     Gourm    .   (shield restricted)
rNeg     . . .     Faith    .   b - +0 robe
rPois    .         Spirit   .   (helmet restricted)
rElec    .         Reflect  .   (no cloak)
rCorr    .         Harm     .   (gloves unavailable)
MR       .....     NoTele   +   (boots unavailable)
Stlth    ..........             (no amulet)
HPRegen  0.10/turn              (no ring)
MPRegen  0.13/turn              (no ring)

@: berserking, very quick
A: very small, unfitting armour, see invisible, clumsy 1, herbivore, speed 3,
slow metabolism 2
a: no special abilities


You were in the Dungeon.
You were not hungry.

You visited 1 branch

Inventory:

Hand Weapons
 a - a +1 dagger (weapon)
Armour
 b - a +0 robe (worn)
Scrolls
 j - a scroll of blinking
Potions
 e - a potion of curing
 f - a potion of heal wounds
 g - a potion of haste
 h - 2 potions of magic
Comestibles
 d - a ration


   Skills:
 + Level 4.7 Short Blades
 + Level 6.9 Dodging
 + Level 8.1 Stealth
 + Level 5.8 Spellcasting
 + Level 6.3 Hexes


You had 13 spell levels left.
You knew the following spells:

 Your Spells              Type           Power        Failure   Level  Hunger
a - Corona                Hex            ####...      1%          1    None

Your spell library contained the following spells:

 Spells                   Type           Power        Failure   Level  Hunger
 Confusing Touch          Hex            ####....     3%          3    ##.....
 Tukima's Dance           Hex            ####....     3%          3    ##.....
 Ensorcelled Hibernation  Hex/Ice        ##....       6%          2    #......
 Dazzling Flash           Conj/Hex       ##....       12%         3    ##.....


Dungeon Overview and Level Annotations

Branches:
Dungeon (1/1)

Altars:


Innate Abilities, Weirdness & Mutations

You are very small and have problems with some larger weapons.
You are too small for most types of armour.
You have supernaturally acute eyesight. (SInv)
You are a herbivore.
You cover ground extremely quickly.
You need to consume almost no food.
You are clumsy. (Dex -2)


Message History

Your Stealth skill gained 4 levels and is now at level 8!
Your Spellcasting skill gained 3 levels and is now at level 5!
Your Hexes skill gained 3 levels and is now at level 6!
You have reached level 2!
You have reached level 3!
Your experience leads to an increase in your attributes!
Your base attributes are Str 4, Int 16, Dex 16.
Increase (S)trength, (I)ntelligence, or (D)exterity?
You feel stronger.
You have reached level 4!
Unknown command.
The neqoxec hits you!
* * * LOW HITPOINT WARNING * * *
There is an open door here.
You hit the neqoxec.
The neqoxec is lightly wounded.
You hit the neqoxec but do no damage.
The neqoxec is lightly wounded.
The neqoxec hits you!
You die...

##
#5#
#3##
#@#
##.##
+.<.+
##.##
#+#


You could see a neqoxec and a quasit (summoned).

Vanquished Creatures
  A neqoxec (D)
1 creature vanquished.

Notes
Turn   | Place    | Note
-------+----------+-------------------------------------------
     0 | D        | Groucho the Spriggan Enchanter began the quest for the Orb.
     0 | D        | Reached XP level 1. HP: 9/9 MP: 5/5
     1 | D        | Noticed a neqoxec
     1 | D        | Noticed a neqoxec
     4 | D        | Gained mutation: You are clumsy. (Dex -2) [a neqoxec]
     7 | D        | Noticed a quasit
    10 | D        | Killed a neqoxec
    10 | D        | Reached skill level 8 in Stealth
    10 | D        | Reached skill level 5 in Spellcasting
    10 | D        | Reached XP level 2. HP: 7/13 MP: 5/9
    10 | D        | Reached XP level 3. HP: 9/16 MP: 6/11
    10 | D        | Reached XP level 4. HP: 12/21 MP: 6/12
    13 | D        | Mangled by a neqoxec

Illustrated notes

Levels and vault maps discovered:
D:        the_violet_keep_of_menkaure [sprint2_stairs_cluster_1,
          sprint2_shoproom, sprint2_temple, sprint2_basic_supplies,
          sprint2_obstacle_7, sprint2_obstacle_2, sprint2_obstacle_1,
          sprint2_obstacle_4, sprint2_obstacle_3, sprint2_timed_cluster_1,
          sprint2_smallroom_cluster_1, sprint2_smallroom_final_cluster_1,
          sprint2_transparent_cluster_1, sprint2_second_timed_cluster_1,
          sprint2_sniper_area_1, sprint2_heavy_combat_area_1,
          sprint2_mutation_trap_area_1, sprint2_forest_area_1,
          sprint2_light_combat_area_1, sprint2_behind_water_1,
          sprint2_near_end_vault_1]

Skill      XL: |  1 |
---------------+----+-----
Short Blades   | 4 |  4.7
Dodging        | 6 |  6.9
Stealth        | 8 |  8.1
Spellcasting   | 5 |  5.8
Hexes          | 6 |  6.3

Action                   |  1- 3 |  4- 6 || total
-------------------------+-------+-------++-------
Melee: Dagger            |     8 |     2 ||    10
  Use: Potion            |     1 |       ||     1
